 Dungeon Crawl Stone Soup version 0.29-a0-477-g62b78b4225 (webtiles) character file.

Game seed: 8781424428164672237

37 siradein the Skirmisher (level 3, 0/33 HPs)
             Began as a Ghoul Fighter on May 24, 2022.
             Slain by a goblin
             ... wielding a +0 dagger
             ... led by Robin
              (2 damage)
             ... on level 2 of the Dungeon.
             The game lasted 00:01:02 (1062 turns).

siradein the Skirmisher (Ghoul Fighter)             Turns: 1062, Time: 00:01:02

Health: 0/33       AC:  6    Str: 21    XL:     3   Next: 41%
Magic:  2/2        EV:  9    Int:  3    God:
Gold:   53         SH:  4    Dex:  8    Spells: 2/2 levels left

rFire   . . .      SeeInvis .   a - +0 flail
rCold   + . .      Faith    .   c - +0 buckler
rNeg    + + +      Spirit   .   b - +0 scale mail
rPois   ∞          Reflect  .   (no helmet)
rElec   .          Harm     .   (no cloak)
rCorr   .          Rampage  .   (no gloves)
Will    .....                   (no boots)
Stlth   ..........              (no amulet)
HPRegen 0.00/turn               (no ring)
MPRegen 0.08/turn               (no ring)

@: inhibited regen
A: claws 1, cold resistance 1, negative energy resistance 3, inhibited
regeneration, torment resistance 2, devour on kill
a: no special abilities


You were on level 2 of the Dungeon.
You visited 1 branch of the dungeon, and saw 2 of its levels.

You collected 53 gold pieces.

Inventory:

Hand Weapons
 a - a +0 flail (weapon)
Armour
 b - a +0 scale mail (worn)
 c - a +0 buckler (worn)
Scrolls
 e - 2 scrolls of teleportation {unknown}
 f - 2 scrolls of brand weapon {unknown}
Potions
 d - a potion of might
 g - a potion of magic {unknown}
 h - 2 potions of curing {unknown}


   Skills:
 + Level 3.7 Fighting
 + Level 2.2 Maces & Flails
 + Level 3.0 Armour
 + Level 3.0 Shields


You had 2 spell levels left.
You didn't know any spells.
Your spell library was empty.

Dungeon Overview and Level Annotations

Branches:
Dungeon (2/15)

Altars:

Annotations:
D:2 Robin


Innate Abilities, Weirdness & Mutations

You are immune to poison.
You have sharp fingernails.
Your flesh is cold resistant. (rC+)
You are immune to negative energy. (rN+++)
You do not regenerate when monsters are visible.
You are immune to unholy pain and torment.
You thrive by killing the living.


Message History

The goblin hits you but does no damage.
Robin says, "A pitiful Ghoul like you will never find the ORB!"
The goblin moves out of view.
You hit the goblin but do no damage.
The goblin hits you but does no damage. x4
You barely miss the goblin. The goblin hits you but does no damage.
The goblin hits you with a +0 dagger. The goblin hits you but does no damage.
The goblin hits you with a +0 dagger.
The dart slug briefly extends its eye-stalks.
You barely miss the goblin. You block the goblin's attack. x2
The goblin barely misses you. x3; The goblin hits you with a +0 dagger.
The goblin hits you but does no damage. The goblin closely misses you.
You hit the goblin.
You kill the goblin!
You block the goblin's attack. x2
You barely miss the goblin. The goblin hits you but does no damage.
You block the goblin's attack. The goblin barely misses you.
The goblin hits you but does no damage. x3; The goblin closely misses you.
The goblin hits you with a +0 dagger.
You hit the goblin.
The goblin is heavily wounded.
The goblin no longer looks unusually strong.
The goblin hits you with a +0 dagger. You block the goblin's attack.
The goblin hits you with a +0 dagger. x2
You hit the goblin.
You kill the goblin!
You feel better. The goblin hits you with a +0 dagger.
The goblin barely misses you. The goblin hits you with a +0 dagger.
* * * LOW HITPOINT WARNING * * *
The goblin attacks as you move away! The goblin hits you but does no damage.
The goblin no longer looks unusually strong.
The goblin barely misses you. Robin throws the goblin at you!
The goblin misses you. The dart slug launches a dart at you.
The slug dart hits you.
* * * LOW HITPOINT WARNING * * *
Things that are here:
a +0 dagger; a +0 dagger; a goblin corpse The goblin no longer looks unusually strong.
The goblin hits you but does no damage. The goblin hits you with a +0 dagger.
You die...

#...>..##........#...........
#......##...†...†........>...
#......#..........##.########
#..................#..#
#...................#..#
#....................#..#
#......gw)g.............#
...!.$..#..gg............
....∩##.##.g@####....###..
.... #g###### ##..## ... ...
#g# ...♣ .♣


gg# ..♣ #g# ♣♣ ggg ..g ... You could see Robin, a dart slug and 4 goblins.

Vanquished Creatures
  A gnoll (D:1)
  A dart slug (D:1)
  5 endoplasms
  A giant cockroach (D:2)
  5 goblins (D:2)
  3 hobgoblins (D:2)
  A ball python (D:2)
  2 bats (D:1)
  3 frilled lizards
  A kobold (D:1)
  A rat (D:1)
24 creatures vanquished.

Notes
Turn   | Place    | Note
-------+----------+-------------------------------------------
     0 | D:1      | siradein the Ghoul Fighter began the quest for the Orb.
     0 | D:1      | Reached XP level 1. HP: 19/19 MP: 0/0
   121 | D:1      | Reached XP level 2. HP: 9/26 MP: 1/1
   993 | D:2      | Reached XP level 3. HP: 33/33 MP: 2/2
  1035 | D:2      | Noticed Robin
  1062 | D:2      | Slain by a goblin

Illustrated notes

Levels and vault maps discovered:
D:1:      ebering_trefoil_3fold, layout_basic
D:2:      layout_rooms, hellmonk_ecumenical_altar_arch_garden,
          uniq_crazy_yiuf_cottage, uniq_robin

Skill      XL: |  1  2 |
---------------+-------+-----
Maces & Flails | 2 |  2.2
Armour         | 3 |  3.0
Shields        | 3 |  3.0
Fighting       | |  3.7

Action                   || total
-------------------------++-------
Melee: Flail             ||    58
Armor: Scale mail        ||    47
Dodge: Dodged            ||    31
Block: Buckler           ||    19

Table legend: (Time is in decaauts)
 A = Elapsed time spent in this place.
 B = Non-inter-level travel time spent in this place.
 C = Inter-level travel time spent in this place.
 D = Time resting spent in this place.
 E = Time spent auto-exploring this place.
 F = Levels seen in this place.
 G = Mean time per level.
                   A        B        C        D        E       F      G
               +--------+--------+--------+--------+--------+-----+--------+
         Total |   1081 |   1055 |     26 |      2 |    904 |   2 |  540.5 |
       Dungeon |   1081 |   1055 |     26 |      2 |    904 |   2 |  540.5 |
               +--------+--------+--------+--------+--------+-----+--------+

Top non-repeatable levels by time:
     D:1: 989 daAuts
     D:2: 91 daAuts
